 Dungeon Crawl Stone Soup version 0.32-a0-931-g5a2cda0630 (webtiles) character file.

Game seed: 1659975789556863619

16 gamers12 the Chopper (level 2, -20/25 HPs)
             Began as a Mountain Dwarf Reaver on Apr 14, 2024.
             Demolished by an ogre
             ... wielding a +0 giant spiked club
              (23 damage)
             ... on level 4 of the Dungeon.
             The game lasted 00:04:17 (564 turns).

gamers12 the Chopper (Mountain Dwarf Reaver)         Turns: 564, Time: 00:04:19

Health: -20/25     AC:  3    Str: 14    XL:     2   Next: 37%
Magic:  2/4        EV: 10    Int: 13    God:
Gold:   81         SH:  0    Dex:  8    Spells: 1/4 levels left

rFire   . . .        a - +0 hand axe
rCold   . . .        (no shield)
rNeg    . . .        b - +0 leather armour
rPois   .            (no helmet)
rElec   .            (no cloak)
rCorr   .            (no gloves)
SInv    .            (no boots)
Will    .....        g - amulet of magic regeneration
Stlth   +            (no ring)
HPRegen 0.24/turn    (no ring)
MPRegen 0.49/turn

%: no passive effects
@: no status effects
A: runic magic, artefact enchanting
a: no special abilities


You were on level 4 of the Dungeon.
You visited 1 branch of the dungeon, and saw 4 of its levels.

You collected 81 gold pieces.

Inventory:

Hand Weapons
 a - a +0 hand axe (weapon)
Armour
 b - a +0 leather armour (worn)
Jewellery
 g - an amulet of magic regeneration (around neck)
Scrolls
 f - a scroll of teleportation {unknown}
Potions
 c - a potion of might {unknown}
 d - 2 potions of resistance {unknown}
 e - a potion of degeneration {unknown}


   Skills:
 + Level 2.4 Fighting
 + Level 3.9 Axes
 + Level 0.4 Armour
 + Level 1.4 Dodging
 * Level 0.1 Stealth
 + Level 1.8 Spellcasting
 + Level 2.9 Conjurations


You had one spell level left.
You knew the following spells:

 Your Spells              Type           Power      Damage    Failure   Level
a - Kiss of Death         Conj/Necr      20%        2d7       14%         1
b - Lesser Beckoning      Tloc           2%         N/A       38%         2

Your spell library contained the following spells:

 Spells                   Type           Power      Damage    Failure   Level
 Momentum Strike          Conj/Tloc      10%        3d8       22%         2
 Hailstorm                Conj/Ice       5%         3d5       41%         3
 Maxwell's Portable Pile  Tloc           1%         2d(5-13)  63%         3
 Teleport Other           Tloc           1%         N/A       63%         3


Dungeon Overview and Level Annotations

Branches:
Dungeon (4/15)
 Temple: D:4-7

Altars:


Innate Abilities, Weirdness & Mutations

Your spellcasting is much less encumbered by armour.
You can use scrolls of enchantment on lesser artefacts.


Message History

The quokka is severely wounded.
The quokka bites you.
You hit the quokka.
You kill the quokka!
You see here a quokka corpse.
You now have 81 gold pieces (gained 5).
Found a blackened emerald amulet.
There is a stone staircase leading down here.
g - an amulet of magic regeneration You start putting on your amulet.
You continue putting on your amulet of magic regeneration. x5
You finish putting on your amulet of magic regeneration.
g - an amulet of magic regeneration (around neck)
The amulet throbs as it attunes itself to your body.
There is a stone staircase leading down here.
You climb downwards.
There is a stone staircase leading up here.
An ogre comes into view. It is wielding a +0 giant spiked club.
Found 7 stones.
The ogre shouts!
The ogre hits you with a +0 giant spiked club!
Ouch! That really hurt!
Casting: Lesser Beckoning (quite dangerous; 38% risk of failure)
Confirm with . or Enter, or press ? or * to list all spells.
Aiming: Lesser Beckoning (quite dangerous; 38% risk of failure)
Press: ? - help, Shift-Dir - straight line, f - ogre
Aim: an ogre, wielding a +0 giant spiked club (100% to hit)
The ogre hurls suddenly forward!
The ogre barely misses you. The ogre attacks as it pursues you!
The ogre hits you with a +0 giant spiked club!
* * * LOW HITPOINT WARNING * * *
Casting: Lesser Beckoning (quite dangerous; 38% risk of failure)
Confirm with . or Enter, or press ? or * to list all spells.
Aiming: Lesser Beckoning (quite dangerous; 38% risk of failure)
Press: ? - help, Shift-Dir - straight line, f/p - ogre
Aim: an ogre, wielding a +0 giant spiked club (100% to hit)
The ogre hurls suddenly forward!
The ogre hits you with a +0 giant spiked club!!
Ouch! That really hurt!
You die...

#.# ###.### #.....#
## #.#.#.# #< ..
#.#.###.
#######.#.....
#.......#####.
###########.#######
##
.......@O........(.
#########...#######
#.### ...# #####


You could see an ogre.

Vanquished Creatures
  An orc (D:3)
  A bat (D:1)
  4 endoplasms
  A kobold (D:3)
  2 quokkas
  A frilled lizard (D:1)
  3 rats (D:1)
13 creatures vanquished.

Vanquished Creatures (others)
  A ball python (D:3)
  A frilled lizard (D:3)
2 creatures vanquished.

Grand Total: 15 creatures vanquished

Notes
Turn   | Place    | Note
-------+----------+-------------------------------------------
     0 | D:1      | gamers12 the Mountain Dwarf Reaver began the quest for the
                  | Orb.
     0 | D:1      | Reached XP level 1. HP: 17/17 MP: 3/3
   205 | D:2      | Reached XP level 2. HP: 15/25 MP: 4/4
   208 | D:2      | Learned a level 2 spell: Lesser Beckoning
   364 | D:3      | Became a worshipper of Beogh the Shepherd
   393 | D:3      | Fell from the grace of Beogh
   557 | D:4      | Noticed an ogre
   564 | D:4      | Demolished by an ogre

Illustrated notes

Levels and vault maps discovered:
D:1:      eino_arrival_tree_alley, layout_basic, serial_shops, shop_fountains,
          hellmonk_ecumenical_altar_zigzags
D:2:      layout_loops_ring
D:3:      layout_loops_ring
D:4:      layout_basic, uniq_blork_the_orc

Action                     || total
---------------------------++-------
  Melee: Hand axe          ||    38
   Cast: Lesser Beckoning  ||     3
 Invoke: Renounce Religion ||     1
         Convert to Beogh  ||     1
 Armour: Leather armour    ||    32
  Dodge: Dodged            ||    20

Table legend: (Time is in decaauts)
 A = Elapsed time spent in this place.
 B = Non-inter-level travel time spent in this place.
 C = Inter-level travel time spent in this place.
 D = Time resting spent in this place.
 E = Time spent auto-exploring this place.
 F = Levels seen in this place.
 G = Mean time per level.
                   A        B        C        D        E       F      G
               +--------+--------+--------+--------+--------+-----+--------+
         Total |    567 |    559 |      8 |    107 |      0 |   4 |  141.8 |
       Dungeon |    567 |    559 |      8 |    107 |      0 |   4 |  141.8 |
               +--------+--------+--------+--------+--------+-----+--------+

Top non-repeatable levels by time:
     D:2: 221 daAuts
     D:3: 197 daAuts
     D:1: 118 daAuts
     D:4: 30 daAuts
